 Dungeon Crawl Stone Soup version 0.23-a0-208-gb6b040f (webtiles) character file.

1401 Irenicus the Cleaver (level 8, 0/68 HPs)
             Began as a Deep Dwarf Monk on Sept 25, 2018.
             Was a Priest of Makhleb.
             Killed by divine providence
             ... invoked by an orc priest
              (10 damage)
             ... on level 7 of the Dungeon.
             The game lasted 00:20:47 (2789 turns).

Irenicus the Cleaver (Deep Dwarf Monk)              Turns: 2789, Time: 00:20:48

Health: 0/68       AC:  3    Str: 15    XL:     8   Next: 41%
Magic:  0/8        EV:  5    Int: 11    God:    Makhleb [***...]
Gold:   199        SH: 26    Dex: 17    Spells: 5/7 levels left

rFire    . . .     SeeInvis .   o - +1 hand axe (flame)
rCold    + + .     Gourm    .   q - +18 shield of the Gong {rElec rN+ MR+ EV-5}
rNeg     + . .     Faith    .   e - +0 leather armour
rPois    .         Spirit   .   (no helmet)
rElec    +         Reflect  .   (no cloak)
rCorr    .         Harm     .   (no gloves)
MR       ++...                  (no boots)
Stlth    ++........             (no amulet)
HPRegen  0.00/turn              (no ring)
MPRegen  0.11/turn              g - ring of protection from cold

@: lethally poisoned (0 -> 0), non-regenerating
A: damage resistance, heal wounds, cold resistance 1, sense surroundings 1, no
potion heal 1, MP-powered wands, no regeneration
a: Heal Wounds, Minor Destruction, Lesser Servant of Makhleb, Renounce Religion


You were on level 7 of the Dungeon.
You worshipped Makhleb.
Makhleb was most pleased with you.
You were not hungry.

You visited 2 branches of the dungeon, and saw 8 of its levels.

You collected 199 gold pieces.

Inventory:

Hand Weapons
 a - a +0 hand axe
 o - a +1 hand axe of flaming (weapon)
Armour
 e - a +0 leather armour (worn)
 q - the +18 shield of the Gong (worn) {rElec rN+ MR+ EV-5}
   (You found it on level 6 of the Dungeon)

   It affects your evasion (-5).
   It insulates you from electricity.
   It protects you from negative energy.
   It affects your resistance to hostile enchantments.
Jewellery
 b - an uncursed ring of teleportation
 g - a ring of protection from cold (right hand)
Wands
 l - a wand of flame (7)
Scrolls
 d - 7 scrolls of identify
 f - 2 scrolls of remove curse
 i - a scroll of magic mapping
 j - a scroll of enchant armour {unknown}
 k - a scroll of fog {unknown}
 m - a scroll of amnesia {unknown}
 n - a scroll of enchant weapon {unknown}
 p - a scroll of teleportation
Potions
 h - a potion of lignification {unknown}
Comestibles
 c - 5 rations


   Skills:
 - Level 2.6 Fighting
 + Level 9.9 Axes
 - Level 3.2 Dodging
 - Level 2.4 Stealth
 + Level 1.4 Shields
 - Level 4.0 Necromancy
 - Level 3.0 Translocations
 - Level 3.1 Evocations


You had 5 spell levels left.
You knew the following spells:

 Your Spells              Type           Power        Failure   Level  Hunger
a - Animate Skeleton      Necr           N/A          45%         1    ##.....
b - Apportation           Tloc           #.....       58%         1    ##.....

Your spell library contained the following spells:

 Spells                   Type           Power        Failure   Level  Hunger
 Confusing Touch          Hex            #.....       95%         1    ##.....
 Summon Small Mammal      Summ           #...         95%         1    ##.....


Dungeon Overview and Level Annotations

Branches:
Dungeon (7/15)             Temple (1/1) D:4

Altars:
Ashenzari
Cheibriados
Dithmenos
Gozag
Kikubaaqudgha
Makhleb
Nemelex Xobeh
Qazlal
Sif Muna
Trog
Uskayaw
Vehumet
Wu Jian
Xom
Yredelemnul
Zin
The Shining One

Shops:
D:4 (


Innate Abilities, Weirdness & Mutations

You are resistant to damage.
You can heal yourself by infusing magical energy.
You passively map a small area around you.
You do not regenerate.
Your flesh is cold resistant. (rC+)
Potions are less effective at restoring your health.
You expend magic power (3 MP) to strengthen your wands.


Message History

SHROANNG!
You barely miss the hungry ghost.
The hungry ghost is almost destroyed.
You barely miss the worker ant. You block the worker ant's attack.
GONNNNG!
An orc priest comes into view. It is wielding a club.
Unknown command.
You closely miss the hungry ghost.
The hungry ghost is almost destroyed.
You hit the worker ant. You burn the worker ant.
You block the hungry ghost's attack.
PANG!
You block the worker ant's attack.
PANG!
You hit the worker ant. You burn the worker ant.
The worker ant is heavily wounded.
You miss the hungry ghost.
The orc priest invokes the aid of Beogh against you.
Beogh smites you!
You die...

,......... .$.... ,,,
.o......# .........,
,, .........
........... * ,, ,
........#
#..........,* , <
........###..........*
.........##......... ,
.......h...##.....#
...5...a##..#.....###
.......W@.........<.#
* *
,......######........#
* .)..## ##.†.....#
,... #.......# ..
#......[# . #.......#
###....<# #..(..#
#######


You could see a hungry ghost, a howler monkey, a worker ant, an orc priest and a
crimson imp.

Vanquished Creatures
  Pikel (D:6)
  Menkaure (D:6)
  An ice beast (D:7)
  An ogre (D:4)
  A sky beast (D:5)
  A bullfrog (D:6)
  A water moccasin zombie (D:5)
  A centaur zombie (D:6)
  2 hounds (D:6)
  An orc wizard (D:6)
  A bullfrog skeleton (D:6)
  2 iguanas (D:5)
  3 worker ants (D:5)
  A worker ant zombie (D:5)
  3 gnolls
  5 adders
  A shadow imp (D:5)
  An ooze (D:5)
  2 dart slugs
  8 leopard geckos
  6 orcs
  2 ball pythons (D:4)
  A giant cockroach (D:5)
  3 goblins
  6 hobgoblins
  10 jackals
  5 kobolds
  4 quokkas
  3 bats
  6 frilled lizards
  7 rats
91 creatures vanquished.

Vanquished Creatures (collateral kills)
  A crimson imp (D:6)
1 creature vanquished.

Vanquished Creatures (others)
  A wizard (D:3)
1 creature vanquished.

Grand Total: 93 creatures vanquished

Notes
Turn   | Place    | Note
-------+----------+-------------------------------------------
     0 | D:1      | Irenicus the Deep Dwarf Monk began the quest for the Orb.
     0 | D:1      | Reached XP level 1. HP: 20/20 MP: 1/1
   146 | D:2      | Reached skill level 4 in Axes
   146 | D:2      | Reached XP level 2. HP: 16/27 MP: 2/2
   435 | D:1      | Reached XP level 3. HP: 11/33 MP: 3/3
   593 | D:2      | Reached skill level 5 in Axes
   837 | D:3      | Found a bloodstained altar of Trog.
   840 | D:3      | Noticed a wizard
   845 | D:3      | Killed a wizard
   946 | D:3      | Reached XP level 4. HP: 30/40 MP: 4/4
  1132 | D:4      | Found a staircase to the Ecumenical Temple.
  1134 | D:4      | Noticed an ogre
  1144 | Temple   | Entered the Ecumenical Temple
  1213 | Temple   | Became a worshipper of Makhleb the Destroyer
  1213 | Temple   | Reached * piety under Makhleb
  1213 | Temple   | Reached ** piety under Makhleb
  1321 | D:4      | Killed an ogre
  1321 | D:4      | Reached skill level 6 in Axes
  1321 | D:4      | Reached XP level 5. HP: 46/46 MP: 5/5
  1429 | D:4      | Found Wuoxetel's Antique Weapon Shop.
  1515 | D:5      | Entered Level 5 of the Dungeon
  1530 | D:5      | Noticed a sky beast
  1549 | D:5      | Killed a sky beast
  1549 | D:5      | Reached skill level 7 in Axes
  1549 | D:5      | Reached XP level 6. HP: 34/55 MP: 6/6
  1645 | D:5      | Noticed a sky beast
  1914 | D:5      | Reached skill level 1 in Evocations
  1961 | D:5      | Found a glowing golden altar of the Shining One.
  2040 | D:5      | Reached skill level 8 in Axes
  2056 | D:5      | Gained mutation: You expend magic power (3 MP) to
                  | strengthen your wands. [potion of mutation]
  2056 | D:5      | Gained mutation: Potions are less effective at restoring
                  | your health. [potion of mutation]
  2056 | D:5      | Gained mutation: Your flesh is cold resistant. (rC+)
                  | [potion of mutation]
  2056 | D:5      | Noticed an ice beast
  2138 | D:5      | Learned a level 1 spell: Animate Skeleton
  2140 | D:5      | Learned a level 1 spell: Apportation
  2303 | D:6      | Noticed Pikel
  2303 | D:6      | Noticed a slave
  2303 | D:6      | Noticed a slave
  2303 | D:6      | Noticed a slave
  2303 | D:6      | Noticed a slave
  2320 | D:6      | Reached XP level 7. HP: 26/61 MP: 9/9
  2372 | D:6      | Killed Pikel
  2372 | D:6      | Reached skill level 9 in Axes
  2510 | D:6      | Reached skill level 1 in Translocations
  2510 | D:6      | Reached XP level 8. HP: 43/68 MP: 8/8
  2520 | D:6      | Found a radiant altar of Vehumet.
  2529 | D:6      | Reached *** piety under Makhleb
  2643 | D:6      | Noticed Menkaure
  2648 | D:6      | Killed Menkaure
  2651 | D:6      | Found the +18 shield of the Gong {rElec rN+ MR+ EV-5}
  2773 | D:7      | Reached skill level 1 in Shields
  2789 | D:7      | Killed from afar by an orc priest

Vault maps used:
D:1:      sevenhm_arrival_forest_fort_small_3, minmay_tree_intersection,
          kennysheep_small_spiral
D:3:      first_ration, minmay_misc_feat_room, trog_wizard,
          uniq_crazy_yiuf_cottage
D:4:      amethyst_overflow_temple_binary, minmay_temple_entry_overgrown,
          serial_shops, nicolae_shop_waterfront
D:5:      marbit_many_paths, st_stairs_4, kennysheep_doodads,
          minmay_joined_circles
D:6:      lemuel_round_altar, uniq_pikel, uniq_menkaure
Temple:   hc_temple_tempest_star

Skill      XL: |  1  2  3  4  5  6  7  8 |
---------------+-------------------------+-----
Axes           | 4 5 6 7 8 9 |  9.9
Evocations     | 3 |  3.1
Necromancy     | 4 |  4.0
Translocations | 1 3 |  3.0
Shields        | 1 |  1.4
Fighting       | |  2.6
Dodging        | |  3.2
Stealth        | |  2.4

Action                   |  1- 3 |  4- 6 |  7- 9 || total
-------------------------+-------+-------+-------++-------
Melee: Hand axe          |   109 |   198 |   127 ||   434
Throw: Throwing net      |     2 |       |       ||     2
 Cast: Animate Skeleton  |       |       |     4 ||     4
 Abil: Heal Wounds       |     4 |     6 |     2 ||    12
Evoke: Wand              |       |     8 |    10 ||    18
  Use: Scroll            |     3 |     4 |       ||     7
       Potion            |     2 |     3 |     2 ||     7
 Stab: Sleeping          |     9 |     3 |       ||    12
  Eat: Chunk             |       |     1 |     2 ||     3
       Ration            |       |     1 |     1 ||     2
Armor: Leather armour    |    17 |    30 |    11 ||    58
Dodge: Dodged            |    67 |   105 |    48 ||   220
Block: Shield            |       |       |    43 ||    43

Table legend:
 A = Non-vault XP
 B = Vault XP
 C = Vault XP percentage of total XP
 D = Non-vault monster count
 E = Vault monster count
 F = Vault count percentage of total count
                 A         B        C        D         E       F
            +---------+---------+-------+---------+---------+-------
      Total |    1098 |     904 |  45.2 |      84 |       8 |   8.7
            +---------+---------+-------+---------+---------+-------
        D:1 |      33 |       0 |   0.0 |      10 |       0 |   0.0
        D:2 |      39 |       0 |   0.0 |      23 |       0 |   0.0
        D:3 |      68 |       0 |   0.0 |      16 |       0 |   0.0
        D:4 |     153 |       0 |   0.0 |      10 |       0 |   0.0
        D:5 |     297 |     125 |  29.6 |      10 |       6 |  37.5
        D:6 |     374 |     779 |  67.6 |      13 |       2 |  13.3
        D:7 |     134 |       0 |   0.0 |       2 |       0 |   0.0
            +---------+---------+-------+---------+---------+-------
